 Dungeon Crawl Stone Soup version 0.30-a0-305-g026cb31310 (webtiles) character file.

Game seed: 12498022523475582398

1450 mandarbmax the Grappler (level 8, 0/56 HPs)
             Began as a Ghoul Monk on Oct 23, 2022.
             Was a Believer of Hepliaklqana.
             Slain by an ufetubus (4 damage)
             ... on level 5 of the Dungeon.
             The game lasted 00:06:56 (4242 turns).

mandarbmax the Grappler (Ghoul Monk)                Turns: 4242, Time: 00:06:57

Health: 0/56       AC: 20    Str: 17    XL:     8   Next: 75%
Magic:  7/7        EV:  2    Int:  5    God:    Hepliaklqana [**....]
Gold:   424        SH:  0    Dex: 11    Spells: 7/7 levels left

rFire   + . .      SeeInvis .      - Unarmed
rCold   + . .      Faith    .    (no shield)
rNeg    + + +      Spirit   .    g - +0 crystal plate armour
rPois   ∞          Reflect  .    o - +0 helmet
rElec   .          Harm     .    c - +0 cloak
rCorr   .          Rampage  .    (no gloves)
Will    .....                    (no boots)
Stlth   ..........               (no amulet)
HPRegen 0.00/turn                d - ring of protection from fire
MPRegen 0.10/turn                (no ring)

@: inhibited regen
A: reduced essence, claws 1, cold resistance 1, negative energy resistance 3,
inhibited regeneration, torment resistance 2, devour on kill
a: Renounce Religion, Ancestor Life: Knight, Ancestor Life: Battlemage, Ancestor
Life: Hexer, Recall Ancestor, Ancestor Identity


You were on level 5 of the Dungeon.
You worshipped Hepliaklqana.
Hepliaklqana was pleased with you.
You visited 2 branches of the dungeon, and saw 7 of its levels.

You collected 424 gold pieces.

Inventory:

Armour
 c - a +0 cloak (worn)
 g - a +0 crystal plate armour (worn)
 m - a +0 pair of gloves
 o - a +0 helmet (worn)
Jewellery
 d - a ring of protection from fire (left claw)
Wands
 i - a wand of flame (41)
Scrolls
 a - a scroll of magic mapping {unknown}
 f - a scroll of silence
 h - 4 scrolls of teleportation {unknown}
 j - 4 scrolls of identify
 k - a scroll of blinking {unknown}
 p - a scroll of acquirement {unknown}
 q - a scroll of noise {unknown}
 u - a scroll of poison
 w - a scroll of amnesia {unknown}
Potions
 b - 2 potions of ambrosia
 e - 2 potions of brilliance {unknown}
 l - 3 potions of lignification
 n - 2 potions of attraction {unknown}
 r - 2 potions of invisibility {unknown}
 s - a potion of magic {unknown}
 t - a potion of might {unknown}
 v - a potion of haste {unknown}
 x - a potion of heal wounds {unknown}
 z - a potion of curing {unknown}


   Skills:
 - Level 3.2 Fighting
 * Level 6.4 Armour
 - Level 3.0 Dodging
 - Level 2.1 Stealth
 * Level 9.0 Unarmed Combat


You had 7 spell levels left.
You didn't know any spells.
Your spell library contained the following spells:

 Spells                   Type           Power      Damage    Failure   Level
 Blink                    Tloc           0%         N/A       100%        2
 Manifold Assault         Tloc           0%         N/A       100%        4
 Storm Form               Tmut/Air       Unusable   N/A       N/A         7

Dungeon Overview and Level Annotations

Branches:
Dungeon (6/15)             Temple (1/1) D:5

Altars:
Cheibriados
Dithmenos
Fedhas
Hepliaklqana
Kikubaaqudgha
Makhleb
Okawaru
Qazlal
Ru
Sif Muna
Trog
Uskayaw
Vehumet
Xom
Yredelemnul

Shops:
D:5 *


Innate Abilities, Weirdness & Mutations

Your life essence is reduced to manifest your ancestor. (-10% HP)
You are immune to poison.
You have sharp fingernails.
Your flesh is cold resistant. (rC+)
You are immune to negative energy. (rN+++)
You do not regenerate when monsters are visible.
You are immune to unholy pain and torment.
You thrive by killing the living.


Message History

The ufetubus hits you but does no damage.
You claw the gnoll!
You kill the gnoll!
The ufetubus hits you but does no damage. x2
The gnoll hits you but does no damage.
The ufetubus hits you but does no damage.
The ufetubus hits you.
You claw the orc priest!
You kill the orc priest!
You feel better. The gnoll hits you but does no damage.
The orc priest invokes the aid of Beogh against you.
Beogh smites you!
The ufetubus hits you but does no damage. x2
You hear a shout!
Your Unarmed Combat skill increases to level 9!
The ufetubus hits you but does no damage.
The ufetubus barely misses you. The ogre hits you with a +0 giant club!
* * * LOW HITPOINT WARNING * * *
The orc priest invokes the aid of Beogh against you.
Beogh smites you!
* * * LOW HITPOINT WARNING * * *
The gnoll hits you from afar with a +0 spear.
* * * LOW HITPOINT WARNING * * *
You climb upwards.
Reactivating autopickup.
There is a stone staircase leading down here.
As you read the scroll labelled ASSONTOEBY, it crumbles to dust.
It is a scroll of identify.
l - 3 potions of lignification The ufetubus hits you but does no damage. x2
The orc completely misses you.
The ufetubus hits you but does no damage. x2
The ogre hits you but does no damage.
Okay, then.
The air fills with toxic fumes!
As you read the scroll labelled EHUMI DOTOPIOR, it crumbles to dust.
It was a scroll of poison.
The ufetubus hits you but does no damage.
The ufetubus hits you.
You die...

#)# #.#.# #.#
#.#§# #.# #.#§#
#.# #.#§# #.#
#.#§#
..############.#§#
####........##.#§#
.........§§§##§#O#
........>§§§§§§o@#
####....(§§§##§#5#
####).......##.#§#
...#........##.#§#
##.#........##.#§#
##..######.###[#§#
.............#.#§#
...###.###'#.#.#§#
...# #)##....#.#.#


You could see an ogre, an orc and an ufetubus.

Vanquished Creatures
  Sigmund (D:5)
  An ice beast (D:5)
  A centaur (D:4)
  An ogre (D:5)
  4 scorpions
  A crimson imp (D:4)
  A jelly (D:5)
  6 orc priests
  A gnoll bouda (D:5)
  A hound (D:5)
  An iguana (D:5)
  4 orc wizards (D:5)
  13 gnolls
  8 adders
  A white imp (D:4)
  8 worms
  4 dart slugs (D:1)
  24 orcs
  6 endoplasms
  3 giant cockroaches
  3 goblins
  9 hobgoblins
  8 jackals
  8 kobolds
  5 quokkas
  6 ball pythons
  7 bats
  2 frilled lizards (D:1)
  3 rats (D:1)
141 creatures vanquished.

Vanquished Creatures (collateral kills)
  An orc (D:6)
1 creature vanquished.

Vanquished Creatures (others)
  2 ancestors (D:6)
  12 plants (D:4)
14 creatures vanquished.

Grand Total: 156 creatures vanquished

Notes
Turn   | Place    | Note
-------+----------+-------------------------------------------
     0 | D:1      | mandarbmax the Ghoul Monk began the quest for the Orb.
     0 | D:1      | Reached XP level 1. HP: 19/19 MP: 0/0
     0 | D:1      | Noticed a demigod
     4 | D:1      | Noticed a felid
     6 | D:1      | Noticed a formicid
    15 | D:1      | Noticed a tengu
    86 | D:1      | Reached XP level 2. HP: 19/26 MP: 1/1
   275 | D:1      | Reached skill level 4 in Unarmed Combat
   460 | D:1      | Reached XP level 3. HP: 31/31 MP: 2/2
   744 | D:1      | Reached skill level 1 in Armour
  1083 | D:2      | Reached XP level 4. HP: 38/38 MP: 3/3
  1269 | D:2      | Identified the +9 mace of Tuofisac {freeze, rPois rC+
                  | Int+4}
  1483 | D:3      | Found a shadowy altar of Dithmenos.
  1731 | D:3      | Reached skill level 5 in Unarmed Combat
  1838 | D:4      | Reached XP level 5. HP: 45/45 MP: 4/4
  1869 | D:4      | Found a blossoming altar of Fedhas.
  2226 | D:4      | Reached XP level 6. HP: 51/51 MP: 5/5
  2282 | D:4      | Reached skill level 6 in Unarmed Combat
  2339 | D:4      | Reached XP level 7. HP: 57/57 MP: 6/6
  2661 | D:5      | Entered Level 5 of the Dungeon
  2767 | D:5      | Reached skill level 7 in Unarmed Combat
  2893 | D:5      | Reached skill level 5 in Armour
  3045 | D:5      | Reached XP level 8. HP: 61/63 MP: 7/7
  3250 | D:5      | Reached skill level 8 in Unarmed Combat
  3285 | D:5      | Noticed Sigmund
  3300 | D:5      | Killed Sigmund
  3424 | D:5      | Found Uffokhli's Lightly-Used Armoury.
  3509 | D:5      | Found a staircase to the Ecumenical Temple.
  3658 | Temple   | Entered the Ecumenical Temple
  3723 | Temple   | Became a worshipper of Hepliaklqana the Forgotten
  3723 | Temple   | Reached * piety under Hepliaklqana
  3723 | Temple   | Reached ** piety under Hepliaklqana
  3924 | D:6      | Found a radiant altar of Vehumet.
  4239 | D:6      | Reached skill level 9 in Unarmed Combat
  4242 | D:5      | Slain by an ufetubus

Illustrated notes

Levels and vault maps discovered:
D:1:      shiori_arrival_whats_in_store_for_you, layout_loops_ring,
          nicolae_grassy_gnolls
D:2:      layout_basic, minmay_tree_intersection
D:3:      layout_rooms, nicolae_dithmenos_through_a_glass_darkly
D:4:      layout_basic, amcnicky_altar_gilded, serial_bayou,
          serial_bayou_pond_e, serial_bayou_shore_a, serial_bayou_pond_c,
          serial_bayou_pond_b, minmay_fire_ice_demons
D:5:      layout_basic, lemuel_doored_altar, minmay_temple_entry_overgrown,
          minmay_shop_damaged, uniq_sigmund
D:6:      layout_rooms, mainiacjoe_overflow_catwalk,
          mainiacjoe_overflow_small_starburst, wad_floor_pattern_untrapped
Temple:   eino_temple_water

Skill      XL: |  1  2  3  4  5  6  7  8 |
---------------+-------------------------+-----
Dodging        | 3 |  3.0
Unarmed Combat | 4 5 6 7 9 |  9.0
Armour         | 1 2 3 4 5 6 |  6.4
Fighting       | |  3.2
Stealth        | |  2.1

Action                   |  1- 3 |  4- 6 |  7- 9 || total
-------------------------+-------+-------+-------++-------
Melee: Unarmed           |   101 |   159 |   240 ||   500
       Punch             |     4 |     4 |    12 ||    20
  Use: Scroll            |     1 |       |     2 ||     3
 Stab: Distracted        |       |       |     1 ||     1
Armor: Robe              |    13 |       |       ||    13
       Crystal plate arm |    27 |   192 |   195 ||   414
Dodge: Dodged            |    31 |    17 |    24 ||    72

Table legend: (Time is in decaauts)
 A = Elapsed time spent in this place.
 B = Non-inter-level travel time spent in this place.
 C = Inter-level travel time spent in this place.
 D = Time resting spent in this place.
 E = Time spent auto-exploring this place.
 F = Levels seen in this place.
 G = Mean time per level.
                   A        B        C        D        E       F      G
               +--------+--------+--------+--------+--------+-----+--------+
         Total |   4208 |   3955 |    253 |    139 |   2922 |   7 |  601.1 |
       Dungeon |   4123 |   3890 |    233 |    139 |   2874 |   6 |  687.2 |
        Temple |     84 |     65 |     19 |      0 |     48 |   1 |   84.0 |
               +--------+--------+--------+--------+--------+-----+--------+

Top non-repeatable levels by time:
     D:5: 1347 daAuts
     D:4: 838 daAuts
     D:1: 750 daAuts
     D:2: 583 daAuts
     D:3: 484 daAuts
     D:6: 119 daAuts
  Temple: 84 daAuts
